[Event "Titled Tuesday Blitz May 03 Late 2022"]
[White "Zherebtsova, Alexandra"]
[Black "Carrasco Miranda, Andres"]
[WhiteFideId "24129518"]
[BlackFideId "3405990"]
[WhiteElo "2025"]
[BlackElo "2177"]
[Result "1-0"]
[Round "09"]
[TimeControl "180+1"]
[Date "2022.05.03"]
[WhiteClock "0:00:08"]
[BlackClock "0:00:05"]

1. d4 Nf6 2. Nf3 g6 3. c4 Bg7 4. Nc3 d5 5. e3 O-O 6. Qb3 dxc4 7. Bxc4 Nc6 8. Ne5 Nxe5 9. dxe5 Ng4 10. f4 e6 11. O-O b5 12. Bxb5 Rb8 13. Qc2 Bb7 14. Be2 Qh4 15. h3 Nh6 16. e4 Rfd8 17. Be3 Qg3 18. Rf3 Qh4 19. Bf2 Qe7 20. Bxa7 Qb4 21. Bf2 Bf8 22. a3 Qa5 23. Rd1 Bc5 24. Rxd8+ Rxd8 25. Rd3 Bxf2+ 26. Kxf2 Qc5+ 27. Kf1 Rb8 28. b4 Qa7 29. Rd2 Qxa3 30. b5 Qc5 31. Qd3 Kg7 32. g3 Ng8 33. Kg2 Ne7 34. Qc4 Qa3 35. Rd7 Qb2 36. Rxe7 Rd8 37. Rxc7 Rd2 38. Kf3 Bxe4+ 39. Qxe4 Rc2 40. Qe3 Rxc3 41. Qxc3 Qb1 42. Qd3 Qh1+ 43. Kf2 Qh2+ 44. Ke1 Qg1+ 45. Kd2 Qb6 46. Rc6 Qa5+ 47. Ke3 Qe1 48. Qd2 Qxg3+ 49. Ke4 Qg2+ 50. Bf3 Qxd2 51. b6 Qb4+ 52. Ke3 Qb3+ 53. Kf2 Qb5 54. Kg3 h5 55. h4 Qb3 56. Rd6 Qb2 57. Rc6 Qb1 58. Rd6 Qg1+ 59. Bg2 Qe3+ 60. Bf3 Qg1+ 61. Bg2 Qb1 62. Bf3 Kf8 63. Rc6 Ke7 64. Rd6 Qg1+ 65. Bg2 Qe3+ 66. Bf3 Qe1+ 67. Kg2 Qxh4 68. b7 Qxf4 69. b8=Q Qxe5 70. Qd8# 1-0


[Site "https://www.chess.com"]

[Event "Titled Tuesday Blitz May 03 Late 2022"]
[White "Aggelis, Nikolaos"]
[Black "Vlassov, Nikolai"]
[WhiteFideId "4213220"]
[BlackFideId "4103360"]
[WhiteElo "2154"]
[BlackElo "2407"]
[Result "0-1"]
[Round "10"]
[TimeControl "180+1"]
[Date "2022.05.03"]
[WhiteClock "0:00:22"]
[BlackClock "0:00:38"]

1. d4 Nf6 2. g3 e5 3. dxe5 Ng4 4. Nf3 Bc5 5. e3 Nc6 6. Bg2 Ngxe5 7. Nxe5 Nxe5 8. O-O d6 9. b3 Bg4 10. f3 Bd7 11. Nc3 Bc6 12. Qd2 h5 13. Bb2 h4 14. Nd5 Qd7 15. c4 O-O-O 16. g4 h3 17. Bh1 Nxg4 18. Bd4 Bxd5 19. cxd5 Ne5 20. Kf2 Qe7 21. Rg1 Qh4+ 22. Rg3 Bxd4 23. exd4 Ng6 24. Rc1 Rde8 25. Rc4 Nf4 26. Kf1 Nxd5 27. Rg4 Ne3+ 28. Qxe3 Rxe3 29. Rxh4 Rxh4 0-1


[Site "https://www.chess.com"]

[Event "Titled Tuesday Blitz May 03 Late 2022"]
[White "Ambartsumova, Karina"]
[Black "Tisaj, Domen"]
[WhiteFideId "4166299"]
[BlackFideId "14628708"]
[WhiteElo "2262"]
[BlackElo "2333"]
[Result "0-1"]
[Round "10"]
[TimeControl "180+1"]
[Date "2022.05.03"]
[WhiteClock "0:00:15"]
[BlackClock "0:00:01"]

1. Nf3 Nf6 2. c4 d6 3. d4 Nbd7 4. g3 g6 5. Nc3 e5 6. Bg2 exd4 7. Nxd4 Bg7 8. O-O O-O 9. b3 Re8 10. Bb2 Nc5 11. Qc2 h5 12. Rad1 a6 13. b4 Ne6 14. Nf3 a5 15. a3 axb4 16. axb4 Qe7 17. Rfe1 Bd7 18. Nd5 Nxd5 19. cxd5 Ra2 20. dxe6 Rxb2 21. Qxc7 Bxe6 22. Qxd6 Qxd6 23. Rxd6 Rxb4 24. Ng5 Bc4 25. e3 b5 26. Rb6 Rb2 27. Rd1 Bh6 28. Ne4 Bg7 29. Nd6 Rd8 30. Rc1 Be6 31. Nxb5 Rdd2 32. Rb8+ Kh7 33. Be4 Rxf2 34. Rb1 Rxh2 35. Rxb2 Rxb2 36. Rb7 Bh6 37. Nd6 Bxe3+ 38. Kf1 Bc4+ 39. Ke1 Rxb7 40. Bxb7 Be6 41. Be4 Bg5 42. Ke2 Be7 43. Kf1 Bxd6 44. Kg2 Kh6 45. Bf3 Kg5 46. Be4 Bf5 47. Bf3 Bg4 48. Bd5 Kf6 49. Be4 Bd7 50. Bd5 Be8 51. Bf3 Ke5 52. Bb7 Kd4 53. Bf3 Kc5 54. Be2 Bc6+ 55. Kh3 Kd4 56. Bd1 Bd5 57. Be2 Ke3 58. Bd1 Be6+ 59. Kg2 Kd2 60. Bf3 Be7 61. Bc6 h4 62. gxh4 Bxh4 63. Be8 Be7 64. Bc6 Ke3 65. Bb7 Kf4 66. Kh2 Ke5 67. Kg3 Kd6 68. Bf3 Kc7 69. Be2 Bd6+ 70. Kh4 Kd8 71. Kg5 Ke7 72. Bd3 Kf8 73. Bxg6 fxg6 74. Kxg6 Ke7 75. Kg5 Ba2 76. Kg6 Ba3 77. Kg5 Bb2 78. Kf5 Bb1+ 79. Kf4 Kd6 80. Kg5 Ke6 81. Kf4 Bc1+ 82. Kf3 Bh6 83. Kg4 Bc2 84. Kf3 Ke5 85. Kg4 Bd1+ 86. Kg3 Bd2 87. Kf2 Ke4 88. Kg3 Be1+ 89. Kg2 Be2 90. Kh3 Kf4 91. Kg2 Kg4 92. Kh2 Bf1 93. Kg1 Bh3 94. Kh2 Kh4 95. Kg1 Kg3 96. Kh1 Bg2+ 97. Kg1 Bf2# 0-1


[Site "https://www.chess.com"]

[Event "Titled Tuesday Blitz May 03 Late 2022"]
[White "Bernal Moro, Luis Javier"]
[Black "Omariev, Maksim"]
[WhiteFideId "2200236"]
[BlackFideId "4193423"]
[WhiteElo "2373"]
[BlackElo "2515"]
[Result "1-0"]
[Round "10"]
[TimeControl "180+1"]
[Date "2022.05.03"]
[WhiteClock "0:00:11"]
[BlackClock "0:00:13"]

1. c4 h5 2. e4 h4 3. d4 c6 4. Nc3 d6 5. f3 e5 6. Nge2 h3 7. g4 Be7 8. Be3 Bg5 9. Qd2 Bxe3 10. Qxe3 Qh4+ 11. Ng3 Ne7 12. O-O-O Ng6 13. Nf5 Bxf5 14. exf5 Ne7 15. dxe5 dxe5 16. Qxe5 Nd7 17. Qe3 Qh6 18. g5 Qh4 19. Ne4 O-O-O 20. Qxa7 Nxf5 21. c5 Qf4+ 22. Kb1 Qxf3 23. Bd3 Ne5 24. Bc2 Rxd1+ 25. Rxd1 Ne3 26. Nd6+ Kd7 27. Qxb7+ Ke6 28. Bb3+ Nd5 29. Re1 Rc8 30. g6 Rc7 31. Qb8 fxg6 32. Qe8+ Re7 33. Rxe5+ Kxe5 34. Qxe7+ Kd4 35. Qe1 Qd3+ 36. Ka1 Ne3 37. Nb7 Ke5 38. Qg3+ Kd4 39. Qe1 Ke4 40. Nd6+ Kd4 41. Qg1 Kxc5 42. Nc4 Kd4 43. Qxe3+ Qxe3 44. Nxe3 Kxe3 45. Be6 Kf2 46. Bxh3 Kg1 47. a4 Kxh2 48. Be6 Kg3 49. a5 Kf4 50. a6 Ke5 51. Bc8 Kd6 52. a7 Kc7 53. a8=Q g5 54. Bg4 Kd6 55. Bf3 g4 56. Qxc6+ Ke5 57. Bxg4 Kf4 58. Qg6 Kg3 59. Qxg7 Kh4 60. b4 Kg3 61. b5 Kh4 62. b6 Kg3 63. b7 Kh4 64. Be6 Kh5 65. b8=Q Kh4 66. Qbh8# 1-0


[Site "https://www.chess.com"]

[Event "Titled Tuesday Blitz May 03 Late 2022"]
[White "Carrasco Miranda, Andres"]
[Black "Ezat, Mohamed"]
[WhiteFideId "3405990"]
[BlackFideId "10600906"]
[WhiteElo "2177"]
[BlackElo "2386"]
[Result "0-1"]
[Round "10"]
[TimeControl "180+1"]
[Date "2022.05.03"]
[WhiteClock "0:00:05"]
[BlackClock "0:00:36"]

1. d3 d5 2. Nf3 Nc6 3. g3 Bg4 4. Bg2 e6 5. O-O Nf6 6. c4 Be7 7. cxd5 Nxd5 8. Nc3 O-O 9. Qa4 Bh5 10. Nxd5 exd5 11. Bf4 Bd6 12. Rac1 Re8 13. Rfe1 h6 14. a3 a6 15. Bxd6 Qxd6 16. Qh4 Bxf3 17. Bxf3 Ne5 18. d4 Nc4 19. e4 dxe4 20. Rxe4 Nxb2 21. Rce1 Rxe4 22. Rxe4 Nc4 23. Qe7 Nd2 24. Qxd6 cxd6 25. Re3 Nxf3+ 26. Rxf3 Rc8 27. Rb3 b5 28. a4 Rb8 29. axb5 axb5 30. Rb4 Kf8 31. Kg2 Ke7 32. Kf3 Ke6 33. Ke4 f5+ 34. Kf4 g5+ 35. Ke3 Kd5 36. h4 Kc6 37. hxg5 hxg5 38. g4 Re8+ 39. Kf3 f4 40. Rb3 Rb8 41. Rb4 Kd5 42. Ke2 Ke4 43. f3+ Kd5 44. Kd3 Kc6 45. Ke4 Rf8 46. d5+ Kc5 47. Rb1 b4 48. Rc1+ Kb5 49. Rc6 b3 50. Rxd6 b2 51. Rd7 b1=Q+ 52. Ke5 Qe1+ 53. Kd6 Rf6+ 54. Kc7 Qa5+ 55. Kc8 Rf8+ 56. Kb7 Qa6+ 57. Kc7 Qb6# 0-1


[Site "https://www.chess.com"]

[Event "Titled Tuesday Blitz May 03 Late 2022"]
[White "Deac, Bogdan-Daniel"]
[Black "Demchenko, Anton"]
[WhiteFideId "1226380"]
[BlackFideId "4160258"]
[WhiteElo "2648"]
[BlackElo "2539"]
[Result "1-0"]
[Round "10"]
[TimeControl "180+1"]
[Date "2022.05.03"]
[WhiteClock "0:00:09"]
[BlackClock "0:00:04"]

1. e4 e5 2. Nf3 Nc6 3. d4 exd4 4. Nxd4 Bc5 5. Nb3 Bb6 6. Nc3 d6 7. Qe2 a5 8. Be3 a4 9. Bxb6 axb3 10. Be3 bxa2 11. Rxa2 Rxa2 12. Nxa2 Nge7 13. Nc3 O-O 14. Qd2 Be6 15. Be2 d5 16. exd5 Nxd5 17. Nxd5 Qxd5 18. Qxd5 Bxd5 19. O-O Ra8 20. Rd1 Be6 21. Bf3 h6 22. c3 Bb3 23. Re1 Rd8 24. Bf4 g5 25. Bxc7 Rd2 26. h4 Rxb2 27. hxg5 hxg5 28. Bxc6 bxc6 29. Re5 Bd5 30. Rxg5+ Kf8 31. Bd6+ Ke8 32. Re5+ Be6 33. Bc5 Rd2 34. Bd4 Kd7 35. Kh2 Bd5 36. Kg3 Rd3+ 37. f3 Rd2 38. Rg5 Bc4 39. Kf4 Re2 40. g4 Bd5 41. Kg3 Re1 42. f4 Rd1 43. f5 Rd2 44. Rg7 Re2 45. Kf4 Kd6 46. Kg5 c5 47. Bf6 Rg2 48. Rh7 Kc6 49. Kf4 Rf2+ 50. Kg5 Rg2 51. Rh3 Kb5 52. Re3 Kc4 53. Kf4 Rf2+ 54. Ke5 Rf3 55. Rxf3 Bxf3 56. g5 Bh5 57. Kd6 Bg4 58. g6 fxg6 59. fxg6 Bf5 60. g7 Bh7 61. Ke7 Kd5 62. Kf7 Ke4 63. g8=Q Bxg8+ 64. Kxg8 c4 65. Kf7 Kd5 66. Ke7 Kc5 67. Ke6 1-0


[Site "https://www.chess.com"]

[Event "Titled Tuesday Blitz May 03 Late 2022"]
[White "Donchenko, Anatoly"]
[Black "Simonovic, Miroslav"]
[WhiteFideId "4106091"]
[BlackFideId "919152"]
[WhiteElo "2339"]
[BlackElo "2043"]
[Result "0-1"]
[Round "10"]
[TimeControl "180+1"]
[Date "2022.05.03"]
[WhiteClock "0:00:39"]
[BlackClock "0:00:19"]

1. Nf3 c5 2. c4 Nc6 3. Nc3 e5 4. d3 g6 5. g3 Bg7 6. Bg2 Nge7 7. O-O h6 8. Ne1 O-O 9. Nc2 d6 10. Ne3 f5 11. Ned5 Nxd5 12. Nxd5 Be6 13. Rb1 a5 14. a3 Ne7 15. Nxe7+ Qxe7 16. b4 cxb4 17. axb4 a4 18. Ba3 Qd7 19. b5 Rfd8 20. Qd2 d5 21. cxd5 Bxd5 22. Bxd5+ Qxd5 23. Rfd1 e4 24. Qc2 exd3 25. Rxd3 Qe4 26. Rxd8+ Rxd8 27. Qxe4 fxe4 28. Rb4 Rd4 29. Rxd4 Bxd4 30. Kf1 Kf7 31. f3 e3 32. Ke1 Ke6 33. Kd1 Kd5 34. Kc2 Kc4 35. f4 h5 36. h3 Bc5 37. Bc1 a3 38. g4 hxg4 39. hxg4 Kxb5 40. Kb3 Kc6 41. Bxa3 Bxa3 42. Kxa3 Kd5 43. Kb4 Ke4 44. Kc3 Kxf4 45. Kd3 b5 46. g5 b4 47. Kc4 Kxg5 48. Kxb4 Kf4 49. Kc4 g5 0-1


[Site "https://www.chess.com"]

[Event "Titled Tuesday Blitz May 03 Late 2022"]
[White "Wagner, Dinara"]
[Black "Vujic, Mihailo"]
[WhiteFideId "24157570"]
[BlackFideId "918873"]
[WhiteElo "2216"]
[BlackElo "2256"]
[Result "1-0"]
[Round "10"]
[TimeControl "180+1"]
[Date "2022.05.03"]
[WhiteClock "0:01:01"]
[BlackClock "0:00:01"]

1. d4 d5 2. Nf3 Nc6 3. c4 e5 4. cxd5 Qxd5 5. Nc3 Bb4 6. e3 Bg4 7. Be2 exd4 8. exd4 Bxf3 9. Bxf3 Qc4 10. d5 Bxc3+ 11. bxc3 Qxc3+ 12. Bd2 Qe5+ 13. Be3 Qc3+ 14. Bd2 Qe5+ 15. Kf1 O-O-O 16. dxc6 Rxd2 17. cxb7+ Kb8 18. Qxd2 Qxa1+ 19. Qe1 Qxe1+ 20. Kxe1 Nf6 21. Kd2 Rd8+ 22. Kc2 Nd5 23. Re1 Kxb7 24. Re7 Kb6 25. Rxf7 Nb4+ 26. Kb3 a5 27. Rxg7 Rd3+ 28. Kc4 Rd2 29. a3 Nc2 30. Kc3 Rxf2 31. a4 Ne3 32. Rxh7 Nxg2 33. Rh6+ Ka7 34. Be4 Nf4 35. Kc4 Ra2 36. Kb5 Rb2+ 37. Kxa5 Rb6 38. Rh8 Rb8 39. Rh7 Ne6 40. Re7 Rb6 41. Bd5 Ra6+ 42. Kb4 Rb6+ 43. Kc4 Nf4 44. Rxc7+ Ka6 45. Be4 Ne6 46. Rc8 Ng5 47. Ra8# 1-0


[Site "https://www.chess.com"]

[Event "Titled Tuesday Blitz May 03 Late 2022"]
[White "Dubov, Daniil"]
[Black "Martinez Alcantara, Jose Eduardo"]
[WhiteFideId "24126055"]
[BlackFideId "3805662"]
[WhiteElo "2791"]
[BlackElo "2690"]
[Result "1/2-1/2"]
[Round "10"]
[TimeControl "180+1"]
[Date "2022.05.03"]
[WhiteClock "0:01:34"]
[BlackClock "0:02:02"]

1. d4 Nf6 2. Nf3 e6 3. c4 Bb4+ 4. Nbd2 b6 5. g3 Bb7 6. Bg2 O-O 7. O-O a5 8. Qc2 Bxd2 9. Qxd2 d6 10. b3 Nbd7 11. Bb2 Be4 12. Rfd1 h6 13. Qc3 c6 14. Bf1 Qb8 15. Nd2 Bg6 16. Bg2 d5 17. a4 Rc8 18. Rac1 b5 19. axb5 cxb5 20. c5 b4 21. Qe3 Qb5 22. Ra1 Nb8 23. Ra4 Nc6 24. Rc1 Ng4 25. Qf3 Nf6 26. Qe3 Ng4 27. Qf3 Nf6 28. Qe3 1/2-1/2


[Site "https://www.chess.com"]

[Event "Titled Tuesday Blitz May 03 Late 2022"]
[White "Fishbein, Alexander"]
[Black "Maksimovic, Bojan"]
[WhiteFideId "2000377"]
[BlackFideId "14408120"]
[WhiteElo "2442"]
[BlackElo "2448"]
[Result "0-1"]
[Round "10"]
[TimeControl "180+1"]
[Date "2022.05.03"]
[WhiteClock "0:00:05"]
[BlackClock "0:00:07"]

1. e4 c5 2. Nf3 Nc6 3. d4 cxd4 4. Nxd4 Nf6 5. Nc3 e5 6. Ndb5 h6 7. Nd6+ Bxd6 8. Qxd6 Qe7 9. Qxe7+ Kxe7 10. Bd3 d6 11. O-O Be6 12. f4 a6 13. Be3 Rac8 14. Rad1 exf4 15. Rxf4 Ne5 16. Bd4 Nfd7 17. h3 b5 18. a3 f6 19. Bf1 Nc4 20. Bxc4 Rxc4 21. Rf2 Rhc8 22. Rfd2 Ne5 23. Ba7 R4c6 24. Rb1 Nc4 25. Re2 Kf7 26. Bd4 Ne5 27. Rd2 Ke7 28. Kf2 Nc4 29. Re2 Ne5 30. Rd2 Nc4 31. Re2 Rb8 32. Nd5+ Kf7 33. Nb4 Rcc8 34. Nxa6 Ra8 35. Nb4 Rc7 36. Ra1 Rac8 37. b3 Ne5 38. Bxe5 dxe5 39. Rd1 Ke7 40. Red2 Rc3 41. Rd3 R3c7 42. Ke3 h5 43. h4 Rc5 44. R1d2 R5c7 45. g3 Rc5 46. Kf2 R5c7 47. Ke1 Rc5 48. Kd1 R5c7 49. Kc1 Rc5 50. Kb2 R5c7 51. Nd5+ Bxd5 52. Rxd5 Rb7 53. R2d3 Rcb8 54. Rc3 Ke6 55. Rc6+ Ke7 56. Rdc5 Kf7 57. Rc7+ Kg6 58. Rxb7 Rxb7 59. Kc3 Kf7 60. Kb4 Ke6 61. Rxb5 Rd7 62. Kc3 f5 63. Rb6+ Kf7 64. exf5 Rd4 65. Re6 Rg4 66. Rxe5 Rxg3+ 67. Kc4 Rg4+ 68. Kb5 Kf6 69. Rc5 Rxh4 70. a4 Rh1 71. a5 Ra1 72. Rc4 Kxf5 73. Ra4 Rd1 74. a6 Rd8 75. a7 g5 76. Kb6 h4 77. Kb7 h3 78. a8=Q Rxa8 79. Kxa8 h2 80. Ra1 g4 81. b4 g3 82. b5 g2 83. b6 h1=Q 84. Rxh1 gxh1=Q+ 85. b7 Ke6 86. Ka7 Qa1+ 87. Kb6 Qb2+ 88. Ka7 Qa3+ 89. Kb6 Qb4+ 90. Ka6 Kd7 91. c4 Kc7 92. c5 Qxb7+ 93. Ka5 Kc6 0-1


[Site "https://www.chess.com"]

[Event "Titled Tuesday Blitz May 03 Late 2022"]
[White "Gabrielian, Artur"]
[Black "Derraugh, Geordie"]
[WhiteFideId "4131002"]
[BlackFideId "2603950"]
[WhiteElo "2440"]
[BlackElo "2116"]
[Result "1-0"]
[Round "10"]
[TimeControl "180+1"]
[Date "2022.05.03"]
[WhiteClock "0:00:44"]
[BlackClock "0:00:05"]

1. e4 c5 2. Nf3 d6 3. d4 cxd4 4. Nxd4 Nf6 5. Nc3 a6 6. Bc4 e6 7. Be3 Be7 8. Qe2 O-O 9. O-O-O Qc7 10. Bb3 Nc6 11. f3 b5 12. Nxc6 Qxc6 13. g4 b4 14. Na4 Rb8 15. h4 Nd7 16. g5 Nc5 17. Nxc5 dxc5 18. Bc4 a5 19. h5 Bd6 20. g6 h6 21. Qd2 Be5 22. Bf4 f6 23. Qh2 Qc7 24. Bxe5 fxe5 25. Rd3 a4 26. Rhd1 b3 27. cxb3 axb3 28. axb3 Ra8 29. Kc2 Kh8 30. Rd6 Ra1 31. Qd2 Rxd1 32. Qxd1 Qe7 33. Qd3 Qg5 34. Kb1 Qg1+ 35. Ka2 Qg5 36. Bxe6 Bxe6 37. Rxe6 Ra8+ 38. Ra6 Rg8 39. Qd5 Rd8 40. Ra8 1-0


[Site "https://www.chess.com"]

[Event "Titled Tuesday Blitz May 03 Late 2022"]
[White "Gurevich, Dmitry"]
[Black "Ovezdurdyyeva, Jemal"]
[WhiteFideId "2000407"]
[BlackFideId "14001888"]
[WhiteElo "2506"]
[BlackElo "1946"]
[Result "1-0"]
[Round "10"]
[TimeControl "180+1"]
[Date "2022.05.03"]
[WhiteClock "0:02:25"]
[BlackClock "0:00:21"]

1. d4 Nf6 2. c4 g6 3. Nc3 d5 4. Nf3 Bg7 5. cxd5 Nxd5 6. Bd2 O-O 7. Rc1 Bg4 8. e3 c6 9. Be2 Nd7 10. h3 Bf5 11. O-O N7f6 12. Ne5 Nd7 13. Nxd7 Qxd7 14. Bf3 Nxc3 15. Bxc3 Rad8 16. Qb3 Rfe8 17. Rfd1 Qc7 18. d5 Bxc3 19. Rxc3 c5 20. a4 b6 21. a5 Rb8 22. axb6 Rxb6 23. Qa2 Reb8 24. b3 a6 25. Rdc1 Qd6 26. Qa3 Bd7 27. Qxc5 Qxc5 28. Rxc5 Rxb3 29. Rc7 Be6 30. dxe6 1-0


[Site "https://www.chess.com"]

[Event "Titled Tuesday Blitz May 03 Late 2022"]
[White "Guz, Ari"]
[Black "Pakleza, Zbigniew"]
[WhiteFideId "2825759"]
[BlackFideId "1119290"]
[WhiteElo "1913"]
[BlackElo "2467"]
[Result "0-1"]
[Round "10"]
[TimeControl "180+1"]
[Date "2022.05.03"]
[WhiteClock "0:00:14"]
[BlackClock "0:00:05"]

1. Nf3 d5 2. b3 Nf6 3. Bb2 Bf5 4. g3 e6 5. Bg2 Be7 6. O-O h6 7. d3 O-O 8. Nbd2 Bh7 9. Re1 c6 10. e4 a5 11. a3 Nbd7 12. Qe2 Qb6 13. Ne5 Nxe5 14. Bxe5 Rfd8 15. Rad1 Bxa3 16. Bxf6 gxf6 17. Qg4+ Kh8 18. Qh4 Kg7 19. Nf1 dxe4 20. Ne3 Qc5 21. Bxe4 Qg5 22. Qh3 f5 23. Bf3 Bc5 24. Ng2 a4 25. Nf4 a3 26. Rxe6 a2 27. Ree1 Bd4 28. Ra1 Bxa1 29. Rxa1 Bg6 30. Qf1 Qf6 31. Qc1 Re8 32. c3 Qd6 33. h4 Qa3 34. Qc2 Re5 35. d4 Re7 36. Kg2 Qa5 37. Qb2 Ree8 38. c4 Re1 39. b4 Qxb4 40. Qxb4 Rxa1 41. Qc3 Rg1+ 42. Kh2 a1=Q 43. d5+ Qxc3 44. h5 Qd2 45. hxg6 Qxf2+ 46. Bg2 Rxg2+ 47. Nxg2 Ra2 48. Kh3 Qxg2+ 49. Kh4 Qh2# 0-1


[Site "https://www.chess.com"]

[Event "Titled Tuesday Blitz May 03 Late 2022"]
[White "Hakobyan, Aram"]
[Black "Drygalov, Sergey"]
[WhiteFideId "13306677"]
[BlackFideId "24171743"]
[WhiteElo "2557"]
[BlackElo "2514"]
[Result "1-0"]
[Round "10"]
[TimeControl "180+1"]
[Date "2022.05.03"]
[WhiteClock "0:00:45"]
[BlackClock "0:00:08"]

1. d4 Nf6 2. c4 e6 3. a3 d5 4. cxd5 exd5 5. Nc3 c6 6. Bf4 Bf5 7. e3 Bd6 8. Bxd6 Qxd6 9. Qf3 Bg6 10. h4 h5 11. Nge2 Nbd7 12. Nf4 O-O-O 13. Rc1 Kb8 14. Qg3 Bf5 15. Nxh5 Qxg3 16. Nxg3 Be6 17. Be2 c5 18. Bf3 cxd4 19. exd4 Nb6 20. b3 Ne4 21. Nge2 g5 22. g3 f5 23. hxg5 Nxg5 24. Bg2 Ne4 25. Rxh8 Rxh8 26. Nf4 Bf7 27. Nce2 a5 28. a4 Nc8 29. f3 Nf6 30. Nd3 Be8 31. Nef4 Ne7 32. Ne5 Nc6 33. Nxc6+ bxc6 34. Rc5 Kb7 35. Rxa5 Nd7 36. Bh3 Bg6 37. Bf1 Re8+ 38. Kd2 Bf7 39. b4 Rg8 40. b5 c5 41. Ra6 cxd4 42. a5 Nc5 43. Rf6 Be8 44. a6+ Ka8 45. b6 Ba4 46. Nxd5 Nb3+ 47. Ke1 Re8+ 48. Kf2 Nc5 49. Nc7+ 1-0


[Site "https://www.chess.com"]

[Event "Titled Tuesday Blitz May 03 Late 2022"]
[White "Hambleton, Aman"]
[Black "Nagy, Gabor"]
[WhiteFideId "2606577"]
[BlackFideId "737119"]
[WhiteElo "2552"]
[BlackElo "2534"]
[Result "0-1"]
[Round "10"]
[TimeControl "180+1"]
[Date "2022.05.03"]
[WhiteClock "0:00:01"]
[BlackClock "0:01:26"]

1. d4 c5 2. d5 g6 3. c4 Bg7 4. e4 d6 5. Bd3 Nf6 6. h3 O-O 7. Nf3 e6 8. Nc3 exd5 9. cxd5 a6 10. a4 Nbd7 11. O-O Re8 12. Re1 Qe7 13. Bf4 Nh5 14. Bh2 Qf8 15. Bf1 Rb8 16. Nd2 Be5 17. a5 Qh6 18. Nc4 Bxh2+ 19. Kxh2 Qf8 20. Na4 Ne5 21. Nab6 Nxc4 22. Bxc4 Qg7 23. Qd2 Qe5+ 24. g3 Nf6 25. Bd3 Qh5 26. Bf1 Nxe4 27. Qe2 Qh6 28. Qe3 Qxe3 29. Rxe3 Nf6 30. Rxe8+ Nxe8 31. Re1 Kf8 32. f4 h5 33. Be2 Nf6 34. Bf3 Bf5 35. Kg2 Re8 36. Rxe8+ Kxe8 37. Nc4 Ke7 38. Nb6 Kd8 39. Kh2 Be4 40. Bxe4 Nxe4 41. g4 hxg4 42. hxg4 Nf6 43. Kg3 Nd7 44. Nc4 Kc7 45. g5 b5 46. axb6+ Nxb6 47. Ne3 Na4 48. b3 Nc3 49. f5 Ne2+ 50. Kf3 Nd4+ 51. Ke4 Nxb3 52. fxg6 fxg6 53. Ng2 Nd2+ 54. Ke3 Nc4+ 55. Kd3 Ne5+ 56. Ke4 a5 57. Ne3 a4 58. Nc2 Kb6 59. Ke3 Ka5 60. Kd2 Nf7 61. Kc3 Nxg5 62. Na3 Ne4+ 63. Kd3 Nf6 64. Nc4+ Kb4 65. Nxd6 Nxd5 66. Ne4 a3 67. Kc2 c4 68. Ng5 c3 69. Nf3 a2 70. Ne1 a1=Q 71. Nd3+ Kc4 72. Ne5+ Kd4 73. Nc6+ Ke3 74. Nd4 Qb2+ 75. Kd1 c2+ 76. Nxc2+ Ke4 77. Ke2 Qxc2+ 78. Kf1 Kf3 0-1


[Site "https://www.chess.com"]

[Event "Titled Tuesday Blitz May 03 Late 2022"]
[White "Herrera Reyes, Jose Antonio"]
[Black "Matinian, Nikita"]
[WhiteFideId "2274914"]
[BlackFideId "24129100"]
[WhiteElo "2361"]
[BlackElo "2422"]
[Result "0-1"]
[Round "10"]
[TimeControl "180+1"]
[Date "2022.05.03"]
[WhiteClock "0:00:46"]
[BlackClock "0:01:46"]

1. e4 e5 2. Nf3 Nc6 3. c4 Bc5 4. Nc3 d6 5. a3 Bg4 6. b4 Bb6 7. Bb2 a5 8. Nd5 Bd4 9. Bc3 Nf6 10. h3 Bxf3 11. Qxf3 axb4 12. Nxf6+ Qxf6 13. Qxf6 gxf6 14. Bxd4 Nxd4 15. Bd3 Rxa3 16. Rxa3 bxa3 17. O-O Kd7 18. f4 exf4 19. Bb1 Ra8 20. Ba2 Kc6 21. Kh2 Ra4 22. Rxf4 Rb4 23. c5 Kxc5 24. Rxf6 Rb2 25. Bxf7 a2 26. Bxa2 Rxa2 27. Rf7 Rxd2 28. Rxc7+ Kb6 29. Rxh7 Kc6 30. h4 b5 31. h5 b4 32. h6 b3 33. Rh8 Nf3+ 34. Kg3 Ng5 35. Rb8 b2 36. Kf4 Rxg2 37. Rxb2 Rxb2 38. Kxg5 Rg2+ 39. Kf6 Rh2 40. Kg7 Kc5 0-1


[Site "https://www.chess.com"]

[Event "Titled Tuesday Blitz May 03 Late 2022"]
[White "Itkis, Boris"]
[Black "Nozdrachev, Leonid"]
[WhiteFideId "1209167"]
[BlackFideId "24113433"]
[WhiteElo "2207"]
[BlackElo "2242"]
[Result "0-1"]
[Round "10"]
[TimeControl "180+1"]
[Date "2022.05.03"]
[WhiteClock "0:00:12"]
[BlackClock "0:00:38"]

1. c4 c6 2. Nc3 a6 3. e3 b5 4. Nf3 Nf6 5. b3 g6 6. Bb2 Bg7 7. Be2 O-O 8. O-O d6 9. d4 Bf5 10. Re1 Ne4 11. Nxe4 Bxe4 12. Bd3 Bxd3 13. Qxd3 Nd7 14. e4 bxc4 15. Qxc4 c5 16. e5 Nb6 17. Qc2 cxd4 18. exd6 d3 19. Qd2 Qxd6 20. Bxg7 Kxg7 21. Re3 Rfd8 22. Ne1 Qf6 23. Rd1 Rac8 24. Rxd3 Rxd3 25. Qxd3 a5 26. g3 a4 27. Kf1 Rc3 28. Qb5 axb3 29. axb3 Qe6 30. Rd3 Rc1 31. Re3 Qh3+ 32. Kg1 Nc8 33. Qe2 Rb1 34. Qc2 Qf5 35. Qxf5 gxf5 36. Kg2 e6 37. Nf3 Nb6 38. Nd4 Nd5 39. Rf3 Rd1 40. Nc2 Rc1 41. Ne3 Nf6 42. Nc4 Ne4 43. h4 Rb1 44. Rd3 Nc5 45. Rd7 Nxd7 0-1


[Site "https://www.chess.com"]

[Event "Titled Tuesday Blitz May 03 Late 2022"]
[White "Jacobson, Aaron"]
[Black "Barria Zuniga, Daniel"]
[WhiteFideId "2089912"]
[BlackFideId "3400816"]
[WhiteElo "2265"]
[BlackElo "2414"]
[Result "1-0"]
[Round "10"]
[TimeControl "180+1"]
[Date "2022.05.03"]
[WhiteClock "0:00:19"]
[BlackClock "0:00:01"]

1. e4 e6 2. d4 d5 3. exd5 exd5 4. c4 Be6 5. cxd5 Bxd5 6. Nc3 Nc6 7. Bb5 Bb4 8. Nf3 Ne7 9. O-O a6 10. Nxd5 Qxd5 11. Ba4 O-O-O 12. Bb3 Qf5 13. a3 Ba5 14. Bc4 Bb6 15. Be3 Nd5 16. b4 Rhe8 17. Qb3 f6 18. Rfc1 Rd6 19. Bd3 Qd7 20. b5 Na5 21. Qc2 axb5 22. Bf5 Rde6 23. Bxe6 Rxe6 24. Qxh7 Nxe3 25. fxe3 Rxe3 26. Re1 Bxd4 27. Nxd4 Qxd4 28. Kh1 b6 29. Qxg7 Nb3 30. Rad1 Rxe1+ 31. Rxe1 Kb7 32. Qg3 Nc5 33. h4 b4 34. axb4 Qxb4 35. Re7 Ne4 36. Qxc7+ Ka6 37. Qc8+ Kb5 38. Qe8+ Ka6 39. Rxe4 Qb1+ 40. Kh2 Qb5 41. Qa8# 1-0


[Site "https://www.chess.com"]

[Event "Titled Tuesday Blitz May 03 Late 2022"]
[White "Karttunen, Mika"]
[Black "Melikyan, Gnel"]
[WhiteFideId "502081"]
[BlackFideId "54109990"]
[WhiteElo "2343"]
[BlackElo "1772"]
[Result "0-1"]
[Round "10"]
[TimeControl "180+1"]
[Date "2022.05.03"]
[WhiteClock "0:00:03"]
[BlackClock "0:00:52"]

1. d4 d5 2. Bf4 c6 3. e3 Qb6 4. Qc1 Bf5 5. Nd2 Nd7 6. Ngf3 e6 7. c3 Ngf6 8. Be2 Be7 9. O-O O-O 10. h3 h6 11. b4 a5 12. a3 Qa7 13. Nb3 a4 14. Nc5 b6 15. Nxd7 Nxd7 16. c4 Rfc8 17. Ne5 Nxe5 18. Bxe5 Qd7 19. Qc3 Bd6 20. Bxd6 Qxd6 21. Rac1 Qd7 22. Rfd1 Bg6 23. Bd3 Bxd3 24. Qxd3 Rab8 25. Rc3 b5 26. cxd5 cxd5 27. Rc5 Rxc5 28. bxc5 b4 29. axb4 Rxb4 30. Qa6 Qb7 31. Qa5 Rc4 32. Ra1 Qb3 33. Qa8+ Kh7 34. c6 Qc2 35. Qb7 Kg6 36. Qa6 Qe2 37. Rxa4 Qd1+ 38. Kh2 Qxa4 39. Qb7 Qxc6 0-1


[Site "https://www.chess.com"]

[Event "Titled Tuesday Blitz May 03 Late 2022"]
[White "Kazakouski, Valery"]
[Black "Djokic, Mihailo"]
[WhiteFideId "13507443"]
[BlackFideId "976440"]
[WhiteElo "2524"]
[BlackElo "2202"]
[Result "1-0"]
[Round "10"]
[TimeControl "180+1"]
[Date "2022.05.03"]
[WhiteClock "0:02:14"]
[BlackClock "0:01:40"]

1. d4 Nf6 2. c4 c5 3. d5 e6 4. Nc3 exd5 5. cxd5 d6 6. Nf3 g6 7. Bf4 Bg7 8. Qa4+ Bd7 9. Qb3 Qc7 10. e4 O-O 11. Nd2 b6 12. Nc4 Ne8 13. Be2 f5 14. e5 dxe5 15. d6 Qd8 16. Nxe5+ Kh8 17. Nf7+ Rxf7 18. Qxf7 Nc6 19. O-O Nd4 20. Bc4 g5 21. Qg8# 1-0


[Site "https://www.chess.com"]